 Dungeon Crawl Stone Soup version 0.30.1-4-g462c640d31 (webtiles) character file.

Game seed: 13587590585236027499

100866 Wobber the Spry (level 15, -1/77 HPs)
             Began as a Felid Summoner on Sept 3, 2023.
             Was an Initiate of Gozag.
             Drowned by a water elemental (5 damage)
             ... led by a merfolk aquamancer
             ... on level 3 of the Shoals on Sept 4, 2023.
             The game lasted 03:46:11 (46575 turns).

Wobber the Spry (Felid Summoner)                   Turns: 46575, Time: 03:46:12

Health: -1/77      AC:  3    Str:  4    XL:     15   Next: 44%
Magic:  31/39      EV: 25    Int: 25    God:    Gozag
Gold:   3999       SH:  0    Dex: 11    Spells: 2/35 levels left
                                        Lives:  0   Deaths: 5

rFire   . .          .
                       - Unarmed
rCold   + . .        (shield unavailable)
rNeg    . . .        (body armour unavailable)
rPois   +            (helmet unavailable)
rElec   +            (cloak unavailable)
rCorr   +            (gloves unavailable)
SInv    +            (boots unavailable)
Will    ++...        T - amulet of the Air {Inacc Air Fly rElec RMsl}
Stlth   ++           H - ring of magical power
HPRegen 0.32/turn    N - ring of Haxtul {Wiz rElec rPois rCorr Dex-5}
MPRegen 0.26/turn

%: repel missiles, wizardry (x1)
@: engulfed (cannot breathe), forested, flying, quick
A: very small, claws 1, fangs 3, see invisible, speed 1, shaggy fur 3, stealthy
paws, no weapons or thrown items, no armour, multi-lived
}: 1/15 runes: serpentine
a: Renounce Religion, Potion Petition, Call Merchant, Bribe Branch


You were on level 3 of the Shoals.
You worshipped Gozag.
Gozag was most pleased with you.
You visited 6 branches of the dungeon, and saw 30 of its levels.
You also visited: Ossuary.

You collected 12891 gold pieces.
You spent 4337 gold pieces at shops.
You paid 4555 gold pieces to Gozag.

Inventory:

Jewellery
 f - an amulet of reflection
 y - a ring of ice
 z - a +5 ring of evasion
 D - a +4 ring of protection
 F - a ring of wizardry
 G - a ring of poison resistance
 H - a ring of magical power (left paw)
 I - the amulet of Jitz {Rampage Regen+ Str+4 Int+3 Dex-2}
   (You bought it in a shop on level 1 of the Lair of Beasts)

   [amulet of regeneration]

   Str:       It affects your strength (+4).
   Int:       It affects your intelligence (+3).
   Dex:       It affects your dexterity (-2).
   Regen:     It increases your rate of health regeneration.
   Rampage:   It bestows one free step when moving towards enemies.
 K - an amulet of magic regeneration
 N - the ring of Haxtul (right paw) {Wiz rElec rPois rCorr Dex-5}
   (You found it on level 5 of the Lair of Beasts)

   [ring of wizardry]

   It improves your spell success rate.
   Dex:       It affects your dexterity (-5).
   rElec:     It insulates you from electricity.
   rPois:     It protects you from poison.
   rCorr:     It protects you from acid and corrosion.
 P - an amulet of regeneration
 R - a ring of positive energy
 T - the amulet of the Air (around neck) {Inacc Air Fly rElec RMsl}
   (You bought it in a shop on level 1 of the Lair of Beasts)

   [amulet of nothing]

   Inacc:     It reduces the accuracy of your attacks and spells.
   Air:       It enhances your air magic.
   rElec:     It insulates you from electricity.
   Fly:       It grants you flight.
   RMsl:      It protects you from missiles.
Wands
 c - a wand of digging (6)
 e - a wand of roots (28)
 m - a wand of charming (50)
 q - a wand of flame (28)
 w - a wand of light (15)
 L - a wand of polymorph (31)
 S - a wand of mindburst (13)
Scrolls
 b - 4 scrolls of fog
 g - 6 scrolls of teleportation
 j - 2 scrolls of fear
 n - 6 scrolls of vulnerability
 t - 5 scrolls of poison
 u - 6 scrolls of amnesia
 x - 4 scrolls of immolation
 B - 4 scrolls of magic mapping
 E - a scroll of torment
 J - 2 scrolls of silence
 Q - 2 scrolls of summoning
Potions
 a - 2 potions of might
 d - 4 potions of haste
 h - a potion of berserk rage
 i - 6 potions of mutation
 k - 6 potions of flight
 l - 6 potions of invisibility
 p - 5 potions of curing
 r - 6 potions of attraction
 s - 2 potions of magic
 v - 7 potions of resistance
 A - 4 potions of brilliance
 C - 5 potions of lignification
 M - 2 potions of ambrosia
 O - 2 potions of cancellation


   Skills:
 - Level 15.0 Fighting
 - Level 19.0 Dodging
 - Level 2.6 Stealth
 + Level 3.3 Unarmed Combat
 - Level 10.6 Spellcasting
 - Level 8.1 Hexes
 - Level 10.9 Summonings
 - Level 10.5 Translocations
 + Level 14.3 Transmutations
 + Level 13.2 Air Magic


You had 2 spell levels left.
You knew the following spells:

 Your Spells              Type           Power      Damage    Failure   Level
a - Manifold Assault      Tloc           60%        N/A       1%          4
c - Call Canine Familiar  Summ           61%        N/A       1%          3
d - Summon Guardian Gole  Hex/Summ       57%        N/A       1%          3
e - Summon Lightning Spi  Summ/Air       84%        N/A       1%          4
f - Blink                 Tloc           100%       N/A       1%          2
g - Summon Forest         Summ/Tloc      30%        N/A       1%          5
h - Summon Mana Viper     Hex/Summ       57%        N/A       1%          5
i - Storm Form            Tmut/Air       44%        N/A       6%          7

Your spell library contained the following spells:

 Spells                   Type           Power      Damage    Failure   Level
 Wereblood                Tmut           71%        N/A       0%          2
 Magic Dart               Conj           52%        1d5       1%          1
 Sandblast                Erth           26%        2d8       1%          1
 Summon Small Mammal      Summ           100%       N/A       1%          1
 Call Imp                 Summ           100%       N/A       1%          2
 Cigotuvi's Dreadful Rot  Necr/Pois/Air  100%       N/A       1%          2
 Passwall                 Tmut/Erth      40%        N/A       1%          2
 Searing Ray              Conj           26%        2d5       2%          2
 Sublimation of Blood     Necr           13%        N/A       2%          2
 Dazzling Flash           Conj/Hex       66%        N/A       1%          3
 Ignite Poison            Fire/Tmut/Pois 37%        N/A       1%          3
 Inner Flame              Hex/Fire       33%        N/A       1%          3
 Mephitic Cloud           Conj/Pois/Air  52%        N/A       1%          3
 Spider Form              Tmut/Pois      49%        N/A       1%          3
 Volatile Blastmotes      Fire/Tloc      78%        2d16      1%          3
 Cause Fear               Hex            26%        N/A       1%          4
 Summon Ice Beast         Ice/Summ       40%        N/A       1%          4
 Blade Hands              Tmut           35%        N/A       1%          5
 Iskenderun's Mystic Bla  Conj/Tloc      39%        2d9       2%          4
 Irradiate                Conj/Tmut      24%        3d19      2%          5
 Anguish                  Hex/Necr       16%        N/A       3%          4
 Fulminant Prism          Conj/Hex       16%        3d10      3%          4
 Dragon Form              Tmut           35%        N/A       4%          7
 Frozen Ramparts          Ice            26%        1d4       6%          3
 Stone Arrow              Conj/Erth      26%        3d8       6%          3
 Freezing Cloud           Conj/Ice/Air   26%        6-21      9%          5
 Eringya's Noxious Bog    Tmut/Pois      24%        N/A       16%         6
 Monstrous Menagerie      Summ           30%        N/A       17%         7
 Summon Hydra             Summ           30%        N/A       17%         7
 Flame Wave               Conj/Fire      13%        2d6       19%         4
 Olgreb's Toxic Radiance  Pois           13%        N/A       19%         4
 Sticky Flame             Conj/Fire      13%        2d4       19%         4
 Conjure Ball Lightning   Conj/Air       31%        3x3d10    19%         6
 Malign Gateway           Summ/Tloc      30%        N/A       19%         7
 Fireball                 Conj/Fire      6%         3d5       45%         5
 Iskenderun's Battlesphe  Conj           13%        2d7       45%         5
 Enfeeble                 Hex            26%        N/A       45%         7
 Summon Horrible Things   Summ           30%        N/A       77%         8
 Starburst                Conj/Fire      6%         6d4       94%         6
 Discord                  Hex            26%        N/A       98%         8
 Orb of Destruction       Conj           6%         9d6       100%        7
 Ignition                 Fire           6%         3d4       100%        8


Dungeon Overview and Level Annotations

Branches:
Dungeon (15/15)            Temple (1/1) D:4            Lair (5/5) D:11
 Shoals (3/4) Lair:3        Snake (4/4) Lair:3        Slime (0/5) Lair:5
    Orc (2/2) D:10            Elf (0/3) Orc:2        Vaults (0/5) D:14
 Depths (0/4) D:15        Ossuary (visited)

Altars:
Ashenzari
Cheibriados
Dithmenos
Elyvilon
Fedhas
Gozag
Hepliaklqana
Kikubaaqudgha
Makhleb
Nemelex Xobeh
Okawaru
Qazlal
Ru
Sif Muna
Trog
Uskayaw
Vehumet
Wu Jian
Xom
Yredelemnul
Zin
The Shining One

Shops:
D:5 [   D:7 *   D:8 :   D:15 =   Orc:1 *   Orc:2 :([!:?   Lair:1 =   Lair:3 ?
Shoals:1 (   Snake:1 !   Snake:3 :!   Snake:4 [[

Portals:
Pandemonium: Orc:2

Annotations:
D:5 Grinder
Shoals:2 3 runed translucent doors, Wano's ghost, adept DrTm


Innate Abilities, Weirdness & Mutations

You have sharp claws.
You have razor-sharp teeth.
You have supernaturally acute eyesight. (SInv)
You cover ground quickly. (Speed+)
Your thick and shaggy fur keeps you warm. (AC +3, rC+)
Your paws help you pounce on unaware monsters.
You are incapable of wielding weapons or throwing items.
You cannot wear armour.
You gain extra lives every three experience levels.


Message History

The merfolk aquamancer hits you with a +0 rapier.
The merfolk completely misses you.
Your dryad hits the merfolk aquamancer but does no damage.
You barely miss the merfolk aquamancer.
The merfolk aquamancer is heavily wounded.
Your transformation has ended.
Your dryad splashes around in the water.
The merfolk aquamancer casts a spell at you.
The ball of steam hits you!!!
Ouch! That really hurt!
The merfolk misses you.
You closely miss the merfolk aquamancer.
Your bite misses the merfolk aquamancer.
The merfolk aquamancer is moderately wounded.
You are engulfed in a cloud of scalding steam.
Your dryad calls out to the forest.
The forest starts to sway and rumble!
The merfolk aquamancer closely misses you.
The merfolk hits you from afar with a +0 trident!
* * * LOW HITPOINT WARNING * * *
The water elemental barely misses you.
As you read the scroll of fear, it crumbles to dust.
You assume a fearsome visage.
The merfolk aquamancer looks frightened!
The water elemental is unaffected.
The merfolk looks frightened!
You are engulfed in a cloud of scalding steam.
* * * LOW HITPOINT WARNING * * *
The water elemental is hit by a branch!
The attack snaps the merfolk out of its fear.
A root smacks the merfolk from below!
Your dryad hits the merfolk aquamancer.
The merfolk aquamancer mumbles some strange words.
The merfolk aquamancer blinks!
The merfolk hits your guardian golem from afar with a +0 trident.
The water elemental hits you.
The water elemental engulfs you in water!
You feel better.
You are engulfed in a cloud of scalding steam.
* * * LOW HITPOINT WARNING * * *
You die...
Your body crumbles into a pile of gold.

.~~~≈≈≈≈≈≈≈≈≈≈≈≈~~~~
.~≈~~P~≈≈P≈~≈≈≈≈P~~~~~~
~~~..~PPPPP~~≈≈≈P~~~~~~
~..).~~P~~P~~≈≈PP~~~~~~
~......P~~~~~~~~~~~~~~.
~.......~~~~~~~~~..E..
..##..♣~~.~~~~~~~m..
..#...##.≈~~~~~§E♣#
~.....##~≈~~~~R9@§#..
~...♣..~8≈≈~~~m..§$.~§..
~~.....###.~~.~.....~~~~
~~~....##....♣...♣~§~~≈~
~~..###.....♣♣..♣.~~~≈≈~
~~..##.≈.......♣#.~~~≈≈≈
~~....~≈≈......# ..PP≈~~
~~~....≈~....... .~~P≈~P
≈~~~......♣♣#♣.♣


You could see a merfolk aquamancer (fleeing, ally target), a merfolk
(distracted), a water elemental, a friendly dryad (summoned, sheltered) and a
friendly guardian golem (summoned).

Vanquished Creatures
  Ilsuiw (Shoals:2)
  Louise (Shoals:3)
  A merfolk impaler (Shoals:2)
  2 satyrs (Shoals:3)
  A naga sharpshooter (Snake:4)
  A skyshark (Shoals:3)
  2 sea snakes
  5 harpies
  7 fauns
  2 cyclopes (Shoals:3)
  A naga mage (Snake:4)
  2 merfolk
  A wind drake (Shoals:3)
  A dream sheep (Shoals:3)
  A slime creature (D:15)
  A water elemental (Shoals:3)
  A warg (D:11)
  A water moccasin (Lair:1)
  An ogre (Orc:2)
  A bullfrog (D:8)
  A hound (D:5)
  2 orc wizards
  A gnoll (D:2)
38 creatures vanquished.

Vanquished Creatures (collateral kills)
  Vashnia (Snake:4)
  Jorgrun (Orc:1)
  The ghost of Fab Sab the Peltast, an adept DsFi of Qazlal (Shoals:1)
  Kirke (Snake:3)
  6 nagarajas
  Aizul (Snake:4)
  Azrael (Snake:1)
  3 merfolk javelineers
  A merfolk impaler (Shoals:1)
  Fannar (Lair:1)
  A salamander tyrant (Snake:3)
  4 hydras
  A merfolk avatar (Shoals:3)
  2 demonspawn (Orc:2)
  4 catoblepae
  2 centaur warriors
  Erica (Lair:1)
  2 anacondas
  A satyr (Shoals:3)
  A merfolk aquamancer (Shoals:2)
  5 two-headed ogres
  4 death yaks (Lair:5)
  11 naga warriors
  A boulder beetle (Lair:4)
  8 naga sharpshooters
  2 sun demons (Orc:2)
  3 orc high priests (Orc:2)
  3 skysharks
  9 sea snakes
  A salamander mystic (Snake:3)
  A sixfirhy (Orc:2)
  4 skeletal warriors (D:12)
  3 naga ritualists
  A deep elf zephyrmancer (D:15)
  2 wizards (D:15)
  Pikel (D:8)
  11 ugly things
  19 harpies
  3 orc knights (Orc:2)
  A deep elf pyromancer (D:15)
  12 fauns
  3 mana vipers
  9 salamanders
  3 cyclopes
  11 orc sorcerers
  5 merfolk sirens
  11 manticores
  18 black mambas
  13 naga magi
  2 guardian serpents (Snake:4)
  A black mamba (shapeshifter) (D:15)
  7 cane toads
  4 water nymphs
  2 torpor snails
  2 rime drakes
  A centaur skeleton (D:15)
  4 yaktaurs (D:15)
  A yaktaur (shapeshifter) (D:14)
  An efreet (D:13)
  7 komodo dragons
  A red devil (Orc:2)
  4 trolls
  A harpy zombie (D:15)
  3 polar bears
  3 wind drakes
  9 blink frogs
  10 merfolk
  9 dream sheep
  Prince Ribbit (D:8)
  5 snapping turtles
  8 slime creatures
  4 wraiths
  A shadow (D:12)
  Sigmund (D:4)
  4 wyverns
  3 vampires
  22 yaks
  7 water elementals
  Grum (D:9)
  4 vampire mosquitoes
  A basilisk (D:13)
  A fire elemental (Snake:1)
  A neqoxec (Orc:2)
  3 hogs (Snake:3)
  2 steam dragons (D:8)
  A death yak simulacrum (D:12)
  4 wargs
  31 nagas
  4 hell hounds (Snake:1)
  9 water moccasins
  28 orc warriors
  2 sky beasts
  2 ogres
  4 wolves
  3 centaurs
  4 phantoms
  4 kobold brigands
  11 bullfrogs
  2 scorpions
  A two-headed ogre simulacrum (D:12)
  A scorpion (shapeshifter) (D:14)
  5 wights
  5 killer bees (D:8)
  An elephant simulacrum (D:12)
  6 howler monkeys
  6 centaur zombies
  26 orc priests
  2 hounds
  3 iguanas (D:4)
  3 sleepcaps
  30 orc wizards
  A polar bear simulacrum (D:12)
  A spriggan simulacrum (D:12)
  A wolf simulacrum (D:12)
  An ogre zombie (Ossuary)
  7 mummies (Ossuary)
  12 adders
  8 gnolls
  2 naga simulacra (D:12)
  2 white imps
  An ufetubus (D:6)
  3 adder zombies (Ossuary)
  2 worms (D:2)
  2 dart slugs
  72 orcs
  8 ball pythons
  5 bats
  5 endoplasms
  6 giant cockroaches
  9 goblins
  8 hobgoblins
  4 jackals (D:4)
  2 quokkas
  2 frilled lizards
  3 goblin zombies (Ossuary)
  3 hobgoblin zombies (Ossuary)
  41 kobolds
  7 kobold zombies (Ossuary)
  3 quokka zombies (Ossuary)
  4 rats
  6 rat zombies (Ossuary)
784 creatures vanquished.

Vanquished Creatures (others)
  Gastronok (Lair:2)
  2 nagarajas (Snake:4)
  A centaur warrior (D:13)
  2 two-headed ogres
  2 merfolk aquamancers
  2 anacondas
  4 naga warriors
  An alligator (shapeshifter) (D:14)
  A death yak (Lair:5)
  2 naga sharpshooters
  5 shock serpents
  2 skysharks
  A skeletal warrior (D:12)
  3 mana vipers
  A necromancer (D:15)
  3 harpies
  2 naga ritualists
  An orc knight (Orc:2)
  A deep elf pyromancer (D:14)
  8 ugly things
  2 fauns
  An orc sorcerer (Orc:2)
  A manticore (Shoals:1)
  An oklob plant (Lair:2)
  2 cyclopes (D:15)
  7 black mambas
  Maurice (D:8)
  A merfolk siren (Shoals:2)
  A naga mage (Snake:3)
  2 guardian serpents (Snake:3)
  A gargoyle (D:11)
  2 water nymphs
  A centaur skeleton (D:15)
  Maggie (D:6)
  3 komodo dragons
  2 cane toads
  3 merfolk
  A troll (D:11)
  A polar bear (Lair:1)
  4 blink frogs (Lair:1)
  A slime creature (D:15)
  A wraith (D:14)
  Eustachio (D:6)
  11 yaks
  A human (Snake:3)
  3 water elementals (Shoals:2)
  A basilisk (Lair:1)
  2 vampire mosquitoes (D:10)
  Edmund (D:5)
  An acid dragon (D:9)
  5 nagas
  2 water moccasins
  A black bear (D:6)
  6 orc warriors
  An ogre (D:4)
  A wolf (Lair:4)
  2 centaurs (D:5)
  7 wights
  A howler monkey (D:9)
  An orc priest (Orc:2)
  An iguana (D:5)
  2 orc wizards
  3 orcs
  A jackal (D:4)
  22 snaplasher vines
162 creatures vanquished.

Grand Total: 984 creatures vanquished

Notes
Turn   | Place    | Note
-------+----------+-------------------------------------------
     0 | D:1      | Wobber the Felid Summoner began the quest for the Orb.
     0 | D:1      | Reached XP level 1. HP: 7/7 MP: 4/4
   245 | D:1      | Reached XP level 2. HP: 11/11 MP: 3/6
   248 | D:1      | Learned a level 2 spell: Call Imp
   845 | D:1      | You fall into a shaft and drop 1 floor!
  1121 | D:2      | Reached XP level 3. HP: 14/14 MP: 4/8
  1342 | D:1      | Learned a level 3 spell: Call Canine Familiar
  2006 | D:2      | Reached XP level 4. HP: 11/18 MP: 3/9
  2059 | D:2      | Learned a level 3 spell: Summon Guardian Golem
  2318 | D:2      | Got the Atlas of Frore Poison
  2715 | D:3      | Reached skill level 1 in Hexes
  2715 | D:3      | Reached skill level 5 in Summonings
  2731 | D:3      | Reached skill level 3 in Dodging
  2815 | D:3      | Reached XP level 5. HP: 21/21 MP: 5/11
  2920 | D:3      | Reached skill level 1 in Fighting
  3667 | D:4      | Found a sand-covered staircase.
  3676 | D:4      | Found a shimmering blue altar of Sif Muna.
  3788 | Ossuary  | Entered an ossuary
  3968 | Ossuary  | Gained mutation: You are covered in thick fur. (AC +2)
                  | [Felid growth]
  3968 | Ossuary  | Reached XP level 6. HP: 22/26 MP: 9/12
  4396 | Ossuary  | Reached skill level 4 in Dodging
  4753 | D:4      | Learned a level 4 spell: Summon Lightning Spire
  4828 | D:4      | Reached XP level 7. HP: 30/30 MP: 7/14
  4961 | D:4      | Found a blossoming altar of Fedhas.
  5032 | D:4      | Noticed Sigmund
  5107 | D:4      | Reached skill level 5 in Dodging
  5607 | D:4      | Killed Sigmund
  5608 | D:4      | Reached skill level 1 in Air Magic
  5666 | D:4      | Found a staircase to the Ecumenical Temple.
  5671 | Temple   | Entered the Ecumenical Temple
  5721 | Temple   | Became a worshipper of Gozag Ym Sagoz the Greedy
  6012 | D:4      | Reached skill level 5 in Hexes
  6012 | D:4      | Reached XP level 8. HP: 34/34 MP: 9/15
  6274 | D:5      | Entered Level 5 of the Dungeon
  6274 | D:5      | Found a broken altar of Ashenzari.
  6315 | D:5      | Noticed Grinder
  6488 | D:5      | Found a sacrificial altar of Ru.
  6794 | D:5      | Reached skill level 6 in Dodging
  6794 | D:5      | Reached skill level 5 in Spellcasting
  6940 | D:5      | Found a stormy altar of Qazlal.
  6954 | D:5      | Noticed Edmund
  6996 | D:5      | Killed Edmund
  7710 | D:5      | Found a shadowy altar of Dithmenos.
  7731 | D:5      | Found Jakudgheugg's Antique Armour Shoppe.
  8403 | D:5      | Identified a scroll of acquirement
  8403 | D:5      | Acquired 1343 gold pieces
  8543 | D:6      | Noticed Maggie
  8544 | D:6      | Noticed Eustachio
  8557 | D:6      | Killed Maggie
  8558 | D:6      | Reached skill level 7 in Dodging
  8558 | D:6      | Reached XP level 9. HP: 40/40 MP: 10/18
  8686 | D:6      | Killed Eustachio
  8687 | D:6      | Reached skill level 5 in Fighting
  9799 | D:7      | Found Lyohipp's General Store.
  9804 | D:7      | Bought a scroll of amnesia for 44 gold pieces
  9804 | D:7      | Bought a potion of curing for 33 gold pieces
  9804 | D:7      | Bought a scroll of poison for 44 gold pieces
 10026 | D:7      | Found a hide-covered altar of Uskayaw.
 10308 | D:7      | Identified the +7 hand axe of Honesty {freeze, rC+}
 11167 | D:8      | Reached skill level 8 in Dodging
 11415 | D:8      | Noticed a two-headed ogre
 11432 | D:8      | Killed a two-headed ogre
 11433 | D:8      | Reached XP level 10. HP: 45/45 MP: 10/20
 11707 | D:8      | Noticed Prince Ribbit
 11717 | D:8      | Killed Prince Ribbit
 11836 | D:8      | Reached skill level 5 in Air Magic
 11948 | D:8      | Found Ysoqidgh's Book Shoppe.
 11956 | D:8      | Bought an Inescapable Atlas for 320 gold pieces
 11956 | D:8      | Bought a Grand Grimoire for 340 gold pieces
 11956 | D:8      | Bought a book of Transfigurations for 400 gold pieces
 12034 | D:8      | Noticed Maurice
 12039 | D:8      | Noticed Pikel
 12104 | D:8      | Killed Maurice
 12105 | D:8      | Reached skill level 9 in Dodging
 12153 | D:8      | Killed Pikel
 12983 | D:8      | Learned a level 2 spell: Blink
 13164 | D:9      | Reached skill level 1 in Translocations
 13164 | D:9      | Reached skill level 1 in Transmutations
 13667 | D:9      | Found a burning altar of Makhleb.
 13671 | D:9      | Found a glowing golden altar of the Shining One.
 13731 | D:9      | Reached XP level 11. HP: 28/50 MP: 11/22
 14023 | D:9      | Reached skill level 10 in Dodging
 14109 | D:9      | Noticed Grum
 14128 | D:9      | Killed Grum
 14564 | D:10     | Entered Level 10 of the Dungeon
 15071 | D:10     | Found a staircase to the Orcish Mines.
 15484 | D:10     | Noticed a two-headed ogre
 15491 | D:10     | Killed a two-headed ogre
 16501 | D:11     | Noticed a two-headed ogre
 16510 | D:11     | Killed a two-headed ogre
 16567 | D:11     | Reached skill level 5 in Translocations
 16990 | D:11     | Found a staircase to the Lair.
 17015 | D:11     | Noticed a two-headed ogre
 17029 | D:11     | Killed a two-headed ogre
 17107 | D:11     | Noticed a two-headed ogre
 17116 | D:11     | Killed a two-headed ogre
 17261 | Lair:1   | Entered Level 1 of the Lair of Beasts
 17286 | Lair:1   | Reached skill level 11 in Dodging
 17567 | Lair:1   | Noticed Erica
 17580 | Lair:1   | Killed Erica
 17627 | Lair:1   | Reached skill level 5 in Transmutations
 17627 | Lair:1   | Gained mutation: Your thick and shaggy fur keeps you warm.
                  | (AC +3, rC+) [Felid growth]
 17627 | Lair:1   | Reached XP level 12. HP: 32/56 MP: 13/23
 17886 | Lair:1   | Noticed Fannar
 17929 | Lair:1   | Reached skill level 10 in Summonings
 17945 | Lair:1   | Killed Fannar
 18915 | Lair:2   | Noticed Gastronok
 18960 | Lair:2   | Killed Gastronok
 19063 | Lair:2   | Reached skill level 12 in Dodging
 19891 | Lair:3   | Noticed an eight-headed hydra
 19904 | Lair:3   | Killed an eight-headed hydra
 20664 | Lair:3   | Found a staircase to the Snake Pit.
 20686 | Lair:3   | Reached XP level 13. HP: 61/61 MP: 16/24
 20982 | Lair:3   | Found a staircase to the Shoals.
 21444 | Lair:3   | Bought a scroll of teleportation for 45 gold pieces
 21444 | Lair:3   | Bought a scroll of magic mapping for 112 gold pieces
 21444 | Lair:3   | Bought a scroll of teleportation for 45 gold pieces
 21444 | Lair:3   | Bought a scroll of teleportation for 45 gold pieces
 21444 | Lair:3   | Bought a scroll of identify for 30 gold pieces
 21482 | Lair:1   | Bought a ring of magical power for 220 gold pieces
 21482 | Lair:1   | Bought the amulet of Jitz {Rampage Regen+ Str+4 Int+3
                  | Dex-2} for 522 gold pieces
 21587 | Lair:4   | Slain by a skyshark
 21588 | Lair:4   | Reached XP level 12. HP: -1/58 MP: 19/32
 21597 | Lair:4   | Reached skill level 13 in Dodging
 21618 | Lair:4   | Reached skill level 10 in Translocations
 21674 | Lair:4   | Reached skill level 10 in Fighting
 21733 | Lair:4   | Noticed a boulder beetle
 21772 | Lair:4   | Killed a boulder beetle
 21991 | Lair:4   | Noticed an eight-headed hydra
 22001 | Lair:4   | Killed an eight-headed hydra
 22705 | Lair:5   | Entered Level 5 of the Lair of Beasts
 22779 | Lair:4   | Learned a level 5 spell: Summon Forest
 22880 | Lair:5   | Noticed a death yak
 22894 | Lair:5   | Killed a death yak
 22951 | Lair:5   | Noticed a catoblepas
 22965 | Lair:5   | Killed a catoblepas
 23001 | Lair:5   | Noticed a death yak
 23033 | Lair:5   | Killed a death yak
 23042 | Lair:5   | Noticed a death yak
 23049 | Lair:5   | Killed a death yak
 23176 | Lair:5   | Noticed a death yak
 23187 | Lair:5   | Noticed a catoblepas
 23191 | Lair:5   | Killed a death yak
 23198 | Lair:5   | Killed a catoblepas
 23242 | Lair:5   | Noticed a death yak
 23260 | Lair:5   | Killed a death yak
 23261 | Lair:5   | Reached skill level 14 in Dodging
 23261 | Lair:5   | Reached XP level 13. HP: 62/62 MP: 23/24
 23877 | Lair:5   | Identified the ring of Haxtul {Wiz rElec rPois rCorr Dex-5}
 23889 | Lair:5   | Identified the +2 robe of Golla {rElec rC+ Str+2}
 23993 | Lair:5   | Found a staircase to the Slime Pits.
 24716 | Lair:5   | Acquired 814 gold pieces
 24868 | Orc:1    | Entered Level 1 of the Orcish Mines
 24899 | Orc:1    | Noticed Jorgrun
 24915 | Orc:1    | Killed Jorgrun
 25198 | Orc:1    | Found a burning altar of Makhleb.
 25226 | Orc:1    | Killed from afar by an orc sorcerer
 25227 | Orc:1    | Reached XP level 12. HP: -3/56 MP: 10/32
 25302 | Orc:1    | Found Raylob's Overcharged Wands.
 25311 | Orc:1    | Bought a wand of polymorph (18) for 378 gold pieces
 25590 | Orc:2    | Entered Level 2 of the Orcish Mines
 25590 | Orc:2    | Found a staircase to the Elven Halls.
 25863 | Orc:2    | Noticed an orc high priest
 25873 | Orc:2    | Killed an orc high priest
 26382 | Orc:2    | Found Mudinic's Distillery.
 26401 | Orc:2    | Found Eqyis's Magic Scroll Shop.
 26631 | Orc:2    | Bought a scroll of teleportation for 42 gold pieces
 26631 | Orc:2    | Bought a scroll of vulnerability for 56 gold pieces
 26631 | Orc:2    | Bought a scroll of fog for 56 gold pieces
 26633 | Orc:2    | Bought a potion of cancellation for 88 gold pieces
 26633 | Orc:2    | Bought a potion of heal wounds for 55 gold pieces
 26633 | Orc:2    | Bought a potion of heal wounds for 55 gold pieces
 26733 | Orc:2    | Found Ugoaqeog's Antique Weapon Shoppe.
 27227 | Orc:2    | Noticed an orc high priest
 27268 | Orc:2    | Killed an orc high priest
 27269 | Orc:2    | Reached XP level 13. HP: 63/63 MP: 13/25
 27276 | Orc:2    | Reached skill level 15 in Dodging
 27923 | Orc:2    | Found Ygedewka's Antique Armour Shoppe.
 27923 | Orc:2    | Found Ullaheinn's Book Emporium.
 27924 | Orc:2    | Found a one-way gate leading to the halls of Pandemonium.
 27928 | Orc:2    | Bought a book of Beasts for 532 gold pieces
 27934 | Orc:2    | Learned a level 5 spell: Summon Mana Viper
 28181 | D:12     | Found a frozen archway.
 30573 | D:13     | Reached skill level 10 in Air Magic
 30824 | D:14     | Reached XP level 14. HP: 46/69 MP: 25/27
 30975 | D:13     | Reached skill level 10 in Transmutations
 31735 | D:14     | Found a gate to the Vaults.
 31947 | D:15     | Entered Level 15 of the Dungeon
 31949 | D:15     | Found a shimmering altar of Xom.
 32306 | D:15     | Reached skill level 16 in Dodging
 32565 | D:15     | Found a bloodstained altar of Trog.
 32777 | D:15     | Found a staircase to the Depths.
 33112 | Snake:1  | Entered Level 1 of the Snake Pit
 33309 | Snake:1  | Noticed Azrael
 33319 | Snake:1  | Killed Azrael
 33788 | Snake:1  | Identified the +1 cloak "Puxtigis" {*Corrode rF+ Dex+3}
 33934 | Snake:1  | Bought a potion of curing for 48 gold pieces
 33962 | Snake:2  | Reached XP level 15. HP: 73/73 MP: 27/29
 34212 | Snake:2  | Shot with a bolt by a naga sharpshooter
 34213 | Snake:2  | Reached XP level 14. HP: 0/69 MP: 26/37
 34512 | Snake:2  | Shot with a bolt by a naga sharpshooter
 34513 | Snake:2  | Reached XP level 13. HP: -2/65 MP: 12/36
 35689 | Snake:3  | Found an iron altar of Okawaru.
 35689 | Snake:3  | Noticed Kirke
 35697 | Snake:3  | Killed Kirke
 35925 | Snake:3  | Reached skill level 17 in Dodging
 35925 | Snake:3  | Reached skill level 10 in Spellcasting
 36120 | Snake:3  | Noticed a nagaraja
 36128 | Snake:3  | Killed a nagaraja
 36494 | Snake:3  | Learned a level 7 spell: Storm Form
 36498 | Snake:3  | Found Umpyent's Distillery.
 36502 | Snake:3  | Found Jierai's Book Boutique.
 36504 | Snake:3  | Bought a potion of invisibility for 144 gold pieces
 36504 | Snake:3  | Bought a potion of heal wounds for 90 gold pieces
 36504 | Snake:3  | Bought a potion of haste for 180 gold pieces
 36748 | Snake:3  | Reached XP level 14. HP: 70/70 MP: 26/29
 36939 | Snake:4  | Entered Level 4 of the Snake Pit
 37203 | Snake:4  | Found Hanurghei's Armour Emporium.
 37301 | Snake:4  | Found Avva's Antique Armour Boutique.
 37569 | Snake:4  | Noticed a nagaraja
 37845 | Snake:4  | Killed a nagaraja
 38079 | Snake:4  | Noticed a nagaraja
 38082 | Snake:4  | Noticed Vashnia
 38100 | Snake:4  | Killed a nagaraja
 38108 | Snake:4  | Noticed Aizul
 38335 | Snake:4  | Killed Vashnia
 38488 | Snake:3  | Learned a level 4 spell: Manifold Assault
 39062 | Snake:4  | Noticed a nagaraja
 39072 | Snake:4  | Killed a nagaraja
 39396 | Snake:4  | Noticed a nagaraja
 39412 | Snake:4  | Killed a nagaraja
 39418 | Snake:4  | Reached skill level 18 in Dodging
 39430 | Snake:4  | Reached XP level 15. HP: 75/75 MP: 16/30
 39432 | Snake:4  | Noticed a nagaraja
 39451 | Snake:4  | Killed a nagaraja
 39496 | Snake:4  | Noticed a nagaraja
 39512 | Snake:4  | Killed a nagaraja
 39626 | Snake:4  | Noticed a nagaraja
 39639 | Snake:4  | Killed a nagaraja
 39717 | Snake:4  | Got a serpentine rune of Zot
 39865 | Snake:4  | Killed Aizul
 40296 | Shoals:1 | Entered Level 1 of the Shoals
 40296 | Shoals:1 | Found the +11 Singing Sword {sonic wave}
 40296 | Shoals:1 | Found a runed translucent gate.
 40296 | Shoals:1 | Found a runed translucent gate.
 40296 | Shoals:1 | Found a runed translucent gate.
 40320 | Shoals:1 | Noticed Fab Sab's ghost (adept DsFi)
 40377 | Lair:1   | Bought the amulet of the Air {Inacc Air Fly rElec RMsl} for
                  | 413 gold pieces
 40377 | Lair:1   | Found the amulet of the Air {Inacc Air Fly rElec RMsl}
 40563 | Shoals:1 | HP: 3/75 [merfolk/+0 trident (22)]
 41689 | Shoals:1 | Found Piroi's Antique Weapon Shoppe.
 42801 | Shoals:1 | Killed Fab Sab's ghost
 43868 | Shoals:2 | Noticed Ilsuiw
 43899 | Shoals:2 | Killed Ilsuiw
 44245 | Shoals:2 | HP: 2/76 [barbs]
 44525 | Shoals:2 | Reached skill level 19 in Dodging
 44890 | Shoals:2 | Found a runed translucent gate.
 44890 | Shoals:2 | Found a runed translucent gate.
 44890 | Shoals:2 | Found a runed translucent gate.
 44890 | Shoals:2 | Noticed Wano's ghost (adept DrTm)
 44973 | Shoals:2 | Reached XP level 16. HP: 77/80 MP: 18/31
 45593 | Shoals:3 | Reached skill level 1 in Unarmed Combat
 45786 | Shoals:3 | Killed from afar by a wind drake
 45787 | Shoals:3 | Reached XP level 15. HP: 0/76 MP: 19/39
 45813 | Shoals:3 | Reached skill level 15 in Fighting
 45832 | Shoals:3 | Noticed Louise
 45849 | Shoals:3 | Killed Louise
 46574 | Shoals:3 | HP: 3/77 [merfolk aquamancer] (13)]
 46575 | Shoals:3 | Drowned by a water elemental

Illustrated notes

Levels and vault maps discovered:
D:1:      reono_arrival_mine, layout_loops_ring
D:2:      layout_loops_corners, serial_bayou_lagoon_a
D:3:      layout_loops_ring
D:4:      layout_layer_cave, nicolae_sif_muna_condensation, fedhas_altar_2,
          minmay_temple_entry_arrows, nicolae_ossuary_entry_plus, uniq_sigmund
D:5:      layout_basic, ashenzari_altar_1, nicolae_qazlal_scattered_showers,
          grunt_dithmenos_smoke_and_mirrors, nicolae_ru_awakened_eye,
          serial_shops, nicolae_shop_stone, uniq_grinder, uniq_edmund
D:6:      layout_basic, kennysheep_generic_room_4, uniq_maggie, uniq_eustachio
D:7:      kennysheep_kobold_camp, layout_loops_corners, general_overflow_altar,
          serial_shops, nicolae_shop_hallway_plus, hex_tiny
D:8:      layout_basic, serial_shops, nicolae_shop_crystal,
          kennysheep_generic_room_11, uniq_pikel, uniq_prince_ribbit1,
          uniq_maurice
D:9:      layout_long_grid, gammafunk_temple_overflow_wave, uniq_grum
D:10:     layout_grid_maze, erik_orc_4
D:11:     layout_big_octagon, erik_lair_orcish_takeover
D:12:     layout_basic, portal_ice_cave_entry_ice_simulacra
D:13:     layout_basic, grunt_ministairs_6, minmay_gold_behind_fungi
D:14:     layout_cave_pools, david_vaults_2, minmay_misc_feat_cross
D:15:     grunt_enter_depths_magical_seal, layout_cave_pools, xom_teletrap_fun,
          library_closet, trog_ov_bears_minmay
Temple:   cyrus_circular_temple
Lair:1:   layout_regular_city, serial_bayou_pond_c, st_stairs_5,
          serial_bayou_pond_c, uniq_fannar, uniq_erica
Lair:2:   layout_misc_corridors, minmay_lair_oklob_items, serial_bayou_shore_a,
          uniq_gastronok
Lair:3:   layout_loops_ring, elwin_shoals_entry_stream,
          minmay_snake_entry_guardpost_small, infiniplex_staircase_pool_2
Lair:4:   layout_hall_layers
Lair:5:   evilmike_catoblepas_cave, layout_cellular_growth,
          dpeg_slime_entry_enclosed, serial_rivers,
          chequers_serial_rivers_large_b, chequers_serial_rivers_room_a,
          chequers_serial_rivers_micro_b, chequers_serial_rivers_micro_a,
          chequers_serial_rivers_micro_e, serial_bayou_shore_b,
          infiniplex_staircase_pool
Shoals:1: layout_shoals, serial_shops, shop, ebering_ghost_rock_garden
Shoals:2: cheibrodos_shoals_baths, layout_shoals, gammafunk_ghost_tricky_traps,
          uniq_ilsuiw
Shoals:3: layout_shoals, nicolae_shop_gadgets, uniq_mlioglotl, uniq_louise
Snake:1:  layout_rooms, uniq_azrael
Snake:2:  layout_cave_shapes, nicolae_snake_gridmaze_squiggle,
          grunt_megastairs_4
Snake:3:  layout_cave_shapes, basic_altar, drop_trap,
          nicolae_snake_slithery_corners, minmay_shoptagon, uniq_kirke
Snake:4:  grunt_snake_rune_pools, layout_basic, serial_shops, shop,
          minmay_shop_star, uniq_aizul, uniq_vashnia
Orc:1:    layout_caves, basic_altar, nicolae_shop_overcharged_wands,
          uniq_jorgrun
Orc:2:    pf_orc_diabolical, layout_caves, basic_altar, gauntlet_entry_generic,
          special_room, serial_shops, nicolae_shop_just_a_little_nook

Skill      XL: |  1  2  3  4  5  6  7  8  9 10 11 12 13 14 15 16 |
---------------+-------------------------------------------------+-----
Spellcasting   | 3 4 5 6 7 10 9 | 10.6
Hexes          | 1 2 3 5 6 8 |  8.1
Summonings     | 5 6 7 8 9 10 | 10.9
Dodging        | 3 4 5 7 8 9 11 14 17 18 19 | 19.0
Fighting       | 1 2 3 4 6 7 8 10 13 14 15 | 15.0
Air Magic      | 1 3 4 5 7 9 11 13 | 13.2
Translocations | 2 6 10 | 10.5
Transmutations | 2 5 7 9 12 14 | 14.3
Unarmed Combat | 3 1 |  3.3
Stealth        | |  2.6

Action                     |  1- 3 |  4- 6 |  7- 9 | 10-12 | 13-15 | 16-18 || total
---------------------------+-------+-------+-------+-------+-------+-------++-------
  Melee: Unarmed           |     8 |    16 |    23 |    70 |   153 |     8 ||   278
         Bite              |     2 |     1 |     2 |     7 |     6 |       ||    18
         Punch             |       |       |       |     1 |     3 |       ||     4
   Cast: Summon Small Mamm |    26 |     2 |     8 |     8 |     4 |       ||    48
         Call Imp          |    22 |    24 |    31 |    19 |     5 |       ||   101
         Call Canine Famil |     3 |    33 |    63 |    79 |    52 |     2 ||   232
         Summon Guardian G |       |       |    37 |   128 |   210 |     3 ||   378
         Summon Lightning  |       |       |     2 |   133 |   203 |     7 ||   345
         Blink             |       |       |       |     4 |    21 |       ||    25
         Summon Forest     |       |       |       |    17 |    91 |     3 ||   111
         Summon Mana Viper |       |       |       |       |    94 |     2 ||    96
         Storm Form        |       |       |       |       |    17 |     4 ||    21
         Manifold Assault  |       |       |       |       |     4 |       ||     4
 Invoke: Call Merchant     |       |       |       |       |     5 |       ||     5
Ability: Blinkbolt         |       |       |       |       |    10 |       ||    10
  Evoke: Wand              |       |       |       |       |     2 |       ||     2
    Use: Scroll            |     2 |     7 |    11 |     9 |    16 |       ||    45
         Potion            |       |     2 |     1 |     6 |    24 |       ||    33
   Stab: Distracted        |       |       |     1 |     2 |     3 |     1 ||     7
         Betrayed ally     |       |       |       |     1 |       |       ||     1
 Armour: Skin              |       |     1 |     3 |     7 |    39 |     4 ||    54
  Dodge: Dodged            |     9 |    28 |   118 |   214 |   582 |   106 ||  1057
         Repelled          |       |       |       |       |     5 |     1 ||     6
